 Dungeon Crawl Stone Soup version 0.29.0 (webtiles) character file.

Game seed: 10292743526479611716

133 Renzlar the Shield-Bearer (level 5, -1/47 HPs)
             Began as a Gnoll Fighter on Aug 25, 2022.
             Slain by a gnoll
             ... wielding a +0 spear
              (4 damage)
             ... on level 4 of the Dungeon.
             The game lasted 00:08:37 (2459 turns).

Renzlar the Shield-Bearer (Gnoll Fighter)           Turns: 2459, Time: 00:08:37

Health: -1/47      AC: 10    Str: 17    XL:     5   Next: 16%
Magic:  7/7        EV:  9    Int:  7    God:
Gold:   110        SH:  6    Dex: 15    Spells: 6/6 levels left

rFire   . . .      SeeInvis .   a - +1 war axe
rCold   . . .      Faith    .   i - +0 buckler
rNeg    . . .      Spirit   .   k - +1 scale mail "Apnoug" {Dex+3}
rPois   .          Reflect  .   e - +0 helmet
rElec   .          Harm     .   (no cloak)
rCorr   .          Rampage  .   (no gloves)
Will    .....                   (no boots)
Stlth   ..........              (no amulet)
HPRegen 0.15/turn               (no ring)
MPRegen 0.10/turn               (no ring)

@: no status effects
A: fangs 1, strong nose, distributed training
a: no special abilities


You were on level 4 of the Dungeon.
You visited 1 branch of the dungeon, and saw 4 of its levels.

You collected 110 gold pieces.

Inventory:

Hand Weapons
 a - a +1 war axe (weapon)
 c - a +0 sling
Armour
 e - a +0 helmet (worn)
 i - a +0 buckler (worn)
 k - the +1 scale mail "Apnoug" (worn) {Dex+3}
   (You found it on level 3 of the Dungeon)

   Dex:       It affects your dexterity (+3).
Scrolls
 g - 4 scrolls of identify
Potions
 d - a potion of might
 f - 2 potions of invisibility
 h - 3 potions of curing
 j - 2 potions of flight


   Skills:
 + Level 6.7 Fighting
 + Level 1.4 Short Blades
 + Level 1.4 Long Blades
 + Level 4.7 Axes
 + Level 1.4 Maces & Flails
 + Level 1.4 Polearms
 + Level 1.4 Staves
 + Level 1.4 Ranged Weapons
 + Level 1.4 Throwing
 + Level 6.7 Armour
 + Level 1.4 Dodging
 + Level 1.4 Stealth
 + Level 6.7 Shields
 + Level 1.4 Unarmed Combat
 + Level 1.4 Spellcasting
 + Level 1.1 Conjurations
 + Level 1.1 Hexes
 + Level 1.1 Summonings
 + Level 1.1 Necromancy
 + Level 1.1 Translocations
 + Level 1.1 Transmutations
 + Level 1.1 Fire Magic
 + Level 1.1 Ice Magic
 + Level 1.1 Air Magic
 + Level 1.1 Earth Magic
 + Level 1.1 Poison Magic
 + Level 1.6 Invocations
 + Level 1.4 Evocations


You had 6 spell levels left.
You didn't know any spells.
Your spell library contained the following spells:

 Spells                   Type           Power      Damage    Failure   Level
 Necrotise                Necr           8%         1d4       67%         1
 Sublimation of Blood     Necr           2%         N/A       82%         2
 Wereblood                Tmut           2%         N/A       82%         2
 Vampiric Draining        Necr           2%         2d6       96%         3
 Agony                    Necr           2%         N/A       100%        5
 Fireball                 Conj/Fire      1%         3d3       100%        5
 Starburst                Conj/Fire      1%         6d3       100%        6
 Summon Hydra             Summ           1%         N/A       100%        7
 Ignition                 Fire           1%         3d3       100%        8


Dungeon Overview and Level Annotations

Branches:
Dungeon (4/15)
 Temple: D:4-7

Altars:


Innate Abilities, Weirdness & Mutations

You have very sharp teeth.
Your uncanny sense of smell can sniff out nearby items.
Your experience applies equally to all skills.


Message History

The ball python constricts you.
The ball python bites you but does no damage.
The ball python constricts you. The gnoll closely misses you.
You hit the gnoll but do no damage.
The gnoll is moderately wounded.
You barely miss the ball python.
The ball python bites you but does no damage.
The ball python constricts you.
The gnoll hits you from afar with a +0 spear.
You block the gnoll's attack.
You hit the gnoll.
The gnoll is heavily wounded.
You slash the ball python!
You kill the ball python!
The gnoll hits you from afar with a +0 spear.
You block the gnoll's attack.
The gnoll throws a throwing net.
The throwing net hits you.
You become entangled in the net!
You tear a large gash into the net.
The gnoll hits you but does no damage.
The gnoll hits you from afar with a +0 spear!
You struggle against the net.
The gnoll completely misses you. The gnoll hits you with a +0 spear.
* * * LOW HITPOINT WARNING * * *
The gnoll hits you but does no damage.
Unknown command.
You shred the net and break free! The gnoll completely misses you.
The gnoll hits you but does no damage. The gnoll closely misses you.
You closely miss the gnoll.
The gnoll is heavily wounded.
You completely miss the gnoll.
The gnoll hits you from afar with a +0 spear.
* * * LOW HITPOINT WARNING * * *
The gnoll hits you but does no damage. The gnoll closely misses you.
The gnoll hits you with a +0 whip.
* * * LOW HITPOINT WARNING * * *
The gnoll hits you but does no damage. x2
You barely miss the gnoll. You bite the gnoll.
The gnoll is severely wounded.
You barely miss the gnoll. You block the gnoll's attack.
The gnoll hits you with a +0 spear.
You die...

..# .... ## #.##
.....
.###.#######.....
#.#.#..<.........
#..##.##..#.##...
#..##.###.#....#
###..##.# #...#
#.......###.g.#.##?
#.#........@.......
#.##.######g##.#.#.
#<##.# #.g .# #
#.##.# #..# .
#.##.# #..# ..
#.##.# #... #.
#.##.# #.#. #.##..
#.#.# #.###.


You could see 3 gnolls.

Vanquished Creatures
  2 orc wizards (D:3)
  2 adders (D:3)
  A worm (D:2)
  A dart slug (D:1)
  3 orcs (D:3)
  3 bats
  6 endoplasms
  7 goblins
  10 hobgoblins
  2 jackals (D:1)
  A quokka (D:3)
  4 ball pythons
  4 frilled lizards
  5 kobolds
  2 rats
  A spectral hobgoblin (D:1)
54 creatures vanquished.

Notes
Turn   | Place    | Note
-------+----------+-------------------------------------------
     0 | D:1      | Renzlar the Gnoll Fighter began the quest for the Orb.
     0 | D:1      | Reached XP level 1. HP: 23/23 MP: 1/1
   273 | D:1      | Reached XP level 2. HP: 27/29 MP: 2/2
   586 | D:1      | Found a faded altar of an unknown god.
   695 | D:1      | Reached XP level 3. HP: 35/35 MP: 3/3
  1098 | D:2      | Reached skill level 1 in Invocations
  1608 | D:3      | Reached skill level 1 in Short Blades
  1608 | D:3      | Reached skill level 1 in Long Blades
  1608 | D:3      | Reached skill level 1 in Maces & Flails
  1608 | D:3      | Reached skill level 1 in Polearms
  1608 | D:3      | Reached skill level 1 in Staves
  1608 | D:3      | Reached skill level 1 in Ranged Weapons
  1608 | D:3      | Reached skill level 1 in Throwing
  1608 | D:3      | Reached skill level 1 in Dodging
  1608 | D:3      | Reached skill level 1 in Stealth
  1608 | D:3      | Reached skill level 1 in Unarmed Combat
  1608 | D:3      | Reached skill level 1 in Spellcasting
  1608 | D:3      | Reached skill level 1 in Evocations
  1609 | D:3      | Reached XP level 4. HP: 30/41 MP: 5/5
  1614 | D:3      | Reached skill level 1 in Conjurations
  1614 | D:3      | Reached skill level 1 in Hexes
  1614 | D:3      | Reached skill level 1 in Summonings
  1614 | D:3      | Reached skill level 1 in Necromancy
  1614 | D:3      | Reached skill level 1 in Translocations
  1614 | D:3      | Reached skill level 1 in Transmutations
  1614 | D:3      | Reached skill level 1 in Fire Magic
  1614 | D:3      | Reached skill level 1 in Ice Magic
  1614 | D:3      | Reached skill level 1 in Air Magic
  1614 | D:3      | Reached skill level 1 in Earth Magic
  1614 | D:3      | Reached skill level 1 in Poison Magic
  1797 | D:3      | Identified the +1 scale mail "Apnoug" {Dex+3}
  2011 | D:3      | Reached XP level 5. HP: 44/47 MP: 7/7
  2459 | D:4      | Slain by a gnoll

Illustrated notes

Levels and vault maps discovered:
D:1:      amcnicky_arrival_feature_with_door, layout_basic,
          dreamdust_ecumenical_altar_drowned_temple, minmay_door_square,
          hangedman_feature_mirror
D:2:      layout_loops_ring
D:3:      wad_pebble_path, layout_basic
D:4:      layout_loops_ring, minmay_temple_entry_ruins, serial_shops,
          nicolae_take_the_stairs

Skill      XL: |  1  2  3  4 |
---------------+-------------+-----
Invocations    | 1 |  1.6
Short Blades   | 1 |  1.4
Long Blades    | 1 |  1.4
Maces & Flails | 1 |  1.4
Polearms       | 1 |  1.4
Staves         | 1 |  1.4
Ranged Weapons | 1 |  1.4
Throwing       | 1 |  1.4
Dodging        | 1 |  1.4
Stealth        | 1 |  1.4
Unarmed Combat | 1 |  1.4
Spellcasting   | 1 |  1.4
Evocations     | 1 |  1.4
Conjurations   | 1 |  1.1
Hexes          | 1 |  1.1
Summonings     | 1 |  1.1
Necromancy     | 1 |  1.1
Translocations | 1 |  1.1
Transmutations | 1 |  1.1
Fire Magic     | 1 |  1.1
Ice Magic      | 1 |  1.1
Air Magic      | 1 |  1.1
Earth Magic    | 1 |  1.1
Poison Magic   | 1 |  1.1
Fighting       | |  6.7
Axes           | |  4.7
Armour         | |  6.7
Shields        | |  6.7

Action                   |  1- 3 |  4- 6 || total
-------------------------+-------+-------++-------
Melee: War axe           |    88 |    36 ||   124
       Bite              |     7 |     2 ||     9
 Fire: Sling             |     9 |    35 ||    44
  Use: Scroll            |    11 |     2 ||    13
Armor: Scale mail        |    36 |    25 ||    61
Dodge: Dodged            |    38 |    22 ||    60
Block: Buckler           |    31 |    11 ||    42
